 Dungeon Crawl Stone Soup version 0.21-a0-440-g28109cb (webtiles) character file.

714 slep the Slasher (level 7, -4/56 HPs)
             Began as a Barachi Fighter on Nov 12, 2017.
             Killed by nerve-wracking pain
             ... invoked by a shadow imp
              (12 damage)
             ... on level 5 of the Dungeon.
             The game lasted 00:14:24 (2818 turns).

slep the Slasher (Barachi Fighter)                  Turns: 2818, Time: 00:14:25

Health: -4/56      AC:  7    Str: 17      XL:     7   Next: 69%
Magic:  7/7        EV:  8    Int:  7 (9)  God:
Gold:   144        SH:  9    Dex: 13      Spells: 6/6 levels left

rFire    . . .     SeeInvis .   a - +0 long sword
rCold    . . .     Gourm    .   c - +0 shield
rNeg     . . .     Faith    .   b - +0 scale mail
rPois    .         Spirit   .   (no helmet)
rElec    .         Reflect  .   (no cloak)
rCorr    .         Harm     .   (no gloves)
MR       .....                  (no boots)
Stlth    ..........             (no amulet)
HPRegen  0.18/turn              h - ring of wizardry
MPRegen  0.10/turn              (no ring)

@: can't hop, slow
A: +LOS, swims, slowness 1, strong legs 1
a: Hop


You were on level 5 of the Dungeon.
You were very hungry.

You visited 1 branch of the dungeon, and saw 5 of its levels.

You collected 144 gold pieces.

Inventory:

Hand Weapons
 a - a +0 long sword (weapon)
 i - a +0 dagger of flaming
Missiles
 p - 5 tomahawks (quivered)
Armour
 b - a +0 scale mail (worn)
 c - a +0 shield (worn)
 m - a +0 troll leather armour {Purgy}
Jewellery
 h - a ring of wizardry (left hand)
Wands
 d - a wand of flame (21/48)
Scrolls
 e - 3 scrolls of identify {unknown}
 k - 3 scrolls of teleportation {unknown}
 o - a scroll of immolation {unknown}
 q - a scroll of blinking {unknown}
Potions
 j - a potion of ambrosia
Comestibles
 f - 2 bread rations


   Skills:
 + Level 5.3 Fighting
 + Level 6.0 Long Blades
 + Level 5.9 Armour
 + Level 2.1 Dodging
 + Level 0.3 Stealth
 + Level 5.1 Shields


You had 6 spell levels left.
You didn't know any spells.

Dungeon Overview and Level Annotations

Branches:
Dungeon (5/15)
 Temple: D:4-7

Altars:
Fedhas
Wu Jian
Xom


Innate Abilities, Weirdness & Mutations

Shadows flee at your approach. (+LOS)
You can swim through water.
You cover ground slowly.
You can hop short distances.


Message History

You kill the hobgoblin!
The shadow imp gestures at you.
You struggle to resist.
You hit the shadow imp but do no damage.
The shadow imp closely misses you.
You hit the shadow imp but do no damage.
The shadow imp hits you but does no damage.
You completely miss the worker ant. You block the worker ant's attack.
The shadow imp hits you but does no damage.
The worker ant barely misses you.
You riposte.
You are feeling very hungry.
You slash the worker ant!
The worker ant is heavily wounded.
The shadow imp hits you but does no damage.
You completely miss the worker ant.
The worker ant is heavily wounded.
You block the worker ant's attack. The shadow imp gestures at you.
Pain shoots through your body!
You die...

### .... .....
......
.......####
........@.#
###..#.a†5......#
..........>...
....#..?.........
#<. #............
.. ............#
...#...##...##
#.#####.# #### #.
.#


You could see a worker ant and a shadow imp.

Vanquished Creatures
  Grinder (D:4)
  Sigmund (D:2)
  Purgy (D:3)
  A jelly (D:3)
  2 worker ants (D:4)
  3 gnolls (D:3)
  7 adders
  2 worms
  2 dart slugs
  3 leopard geckos
  2 orcs
  A giant cockroach (D:3)
  4 goblins
  12 hobgoblins
  7 jackals
  8 kobolds
  5 quokkas
  2 ball pythons (D:1)
  7 bats
  4 frilled lizards
  6 rats
81 creatures vanquished.

Notes
Turn   | Place    | Note
-------+----------+-------------------------------------------
     0 | D:1      | slep the Barachi Fighter began the quest for the Orb.
     0 | D:1      | Reached XP level 1. HP: 18/18 MP: 1/1
   148 | D:1      | Reached XP level 2. HP: 14/25 MP: 2/2
   674 | D:2      | You fall through a shaft!
   734 | D:3      | Noticed Purgy
   749 | D:3      | Killed Purgy
   749 | D:3      | Reached skill level 3 in Long Blades
   749 | D:3      | Reached XP level 3. HP: 19/31 MP: 3/3
   749 | D:3      | Reached XP level 4. HP: 24/38 MP: 4/4
   850 | D:3      | Reached XP level 5. HP: 40/43 MP: 5/5
   918 | D:3      | Reached skill level 1 in Dodging
  1152 | D:3      | Reached skill level 4 in Long Blades
  1156 | D:3      | Reached skill level 5 in Armour
  1472 | D:3      | Reached XP level 6. HP: 7/49 MP: 6/6
  1534 | D:2      | Noticed Sigmund
  1755 | D:2      | Killed Sigmund
  1755 | D:2      | Reached skill level 5 in Long Blades
  1840 | D:2      | Found an ornate altar of the Wu Jian Council.
  1908 | D:2      | Found a shattered altar of Ashenzari.
  1913 | D:2      | Found a shimmering altar of Xom.
  1913 | D:2      | Found a deep blue altar of Sif Muna.
  1914 | D:2      | Found a radiant altar of Vehumet.
  1914 | D:2      | Found a shadowy altar of Dithmenos.
  1914 | D:2      | Found a bloodstained altar of Trog.
  1977 | D:2      | Found a blossoming altar of Fedhas.
  1986 | D:2      | Reached XP level 7. HP: 32/55 MP: 7/7
  2446 | D:4      | Noticed Grinder
  2464 | D:4      | Reached skill level 5 in Fighting
  2477 | D:4      | Paralysed by Grinder for 5 turns
  2703 | D:4      | Paralysed by Grinder for 6 turns
  2718 | D:4      | Paralysed by Grinder for 2 turns
  2727 | D:4      | Paralysed by Grinder for 3 turns
  2729 | D:4      | HP: 2/56 [Grinder (3)]
  2749 | D:4      | Killed Grinder
  2749 | D:4      | Reached skill level 6 in Long Blades
  2749 | D:4      | Reached skill level 5 in Shields
  2812 | D:5      | Entered Level 5 of the Dungeon
  2818 | D:5      | Killed from afar by a shadow imp

Vault maps used:
D:1:      dpeg_arrival_stonehenge_8_columns, minmay_shallow_snake_nest
D:2:      overflow_temple_1_default, doesnt_xom_only_xom, fedhas_altar_1,
          uniq_sigmund
D:3:      uniq_purgy
D:4:      okawaru_altar_gauntlet_db, minmay_temple_entry_glassed_door,
          uniq_blork_the_orc, uniq_grinder, uniq_robin, uniq_pikel
D:5:      serial_shops, shop, first_bread, uniq_crazy_yiuf_cottage

Skill      XL: |  1  2  3  4  5  6  7 |
---------------+----------------------+-----
Fighting       | 4 5 |  5.3
Armour         | 4 5 |  5.9
Long Blades    | 3 4 5 6 |  6.0
Shields        | 4 5 |  5.1
Dodging        | 1 2 |  2.1
Stealth        | |  0.3

Action                   |  1- 3 |  4- 6 |  7- 9 || total
-------------------------+-------+-------+-------++-------
Melee: Long sword        |    61 |   151 |   107 ||   319
 Abil: Hop               |       |       |     1 ||     1
  Use: Potion            |     1 |     2 |     4 ||     7
  Eat: Chunk             |       |     5 |     2 ||     7
Armor: Scale mail        |    45 |    57 |    26 ||   128
Dodge: Dodged            |    21 |    43 |    40 ||   104
Block: Shield            |    37 |    64 |    40 ||   141
       Rpst.: Long sword |     7 |    14 |    15 ||    36

Table legend:
 A = Spawn XP
 B = Non-spawn XP
 C = Spawn XP percentage of total XP
 D = Spawn monster count
 E = Non-spawn monster count
 F = Spawn count percentage of total count
 G = Total turns spent on level
                    A         B        C        D         E        F      G
               +---------+---------+-------+---------+---------+-------+---------
         Total |       0 |    1021 |   0.0 |       0 |      81 |   0.0 |  2818
               +---------+---------+-------+---------+---------+-------+---------
           D:1 |       0 |      27 |   0.0 |       0 |      17 |   0.0 |   668
           D:2 |       0 |     293 |   0.0 |       0 |      21 |   0.0 |   711
           D:3 |       0 |     326 |   0.0 |       0 |      32 |   0.0 |  1255
           D:4 |       0 |     373 |   0.0 |       0 |      10 |   0.0 |   178
           D:5 |       0 |       2 |   0.0 |       0 |       1 |   0.0 |     6
               +---------+---------+-------+---------+---------+-------+---------
